 Dungeon Crawl Stone Soup version 0.31-a0-948-gf5be29c (webtiles) character file.

Game seed: 12606787297092615518

597 TemporaryHome the Conjurer (level 7, -10/51 HPs)
             Began as a Gnoll Conjurer on Oct 20, 2023.
             Was an Initiate of Sif Muna.
             Mangled by Pikel
             ... wielding a +0 whip of electrocution
              (16 damage)
             ... on level 4 of the Dungeon on Oct 21, 2023.
             The game lasted 00:17:08 (3995 turns).

TemporaryHome the Conjurer (Gnoll Conjurer)         Turns: 3995, Time: 00:17:11

Health: -10/51     AC:  4    Str:  7    XL:     7   Next: 40%
Magic:  15/15      EV: 14    Int: 19    God:    Sif Muna [......]
Gold:   192        SH:  0    Dex: 13    Spells: 11/17 levels left

rFire   + . .        o - +6 mace of the Beast {drain, *Slow rPois rN++ Dex+3}
rCold   + . .        (no shield)
rNeg    + + +        a - +0 robe
rPois   +            h - +0 helmet
rElec   .            u - +0 cloak
rCorr   .            (no gloves)
SInv    .            (no boots)
Will    .....        s - amulet "Cybul" {RegenMP Rampage rC+ rN+}
Stlth   +++          j - ring of protection from fire
HPRegen 0.28/turn    (no ring)
MPRegen 0.54/turn

%: slow self (1%), rampage
@: slowed, very slow
A: fangs 1, strong nose, distributed training
a: Renounce Religion


You were on level 4 of the Dungeon.
You worshipped Sif Muna.
Sif Muna was noncommittal.
You visited 1 branch of the dungeon, and saw 5 of its levels.

You collected 192 gold pieces.

Inventory:

Hand Weapons
 i - a +0 dagger of speed
 o - the +6 mace of the Beast (weapon) {drain, *Slow rPois rN++ Dex+3}
   (You found it on level 2 of the Dungeon)

   Dex+3:     It affects your dexterity (+3).
   rPois:     It protects you from poison rN++: It greatly protects you from
   negative energy.
   *Slow:     It may slow you when you take damage.
Armour
 a - a +0 robe (worn)
 h - a +0 helmet (worn)
 k - a +0 ring mail of cold resistance
 u - a +0 cloak (worn)
Jewellery
 j - a ring of protection from fire (left hand)
 s - the amulet "Cybul" (around neck) {RegenMP Rampage rC+ rN+}
   (You found it on level 4 of the Dungeon)

   [amulet of magic regeneration]

   RegenMP:   It increases your rate of magic regeneration.
   rC+:       It protects you from cold.
   rN+:       It protects you from negative energy.
   Rampage:   It bestows one free step when moving towards enemies.
Scrolls
 d - 4 scrolls of teleportation {unknown}
 e - 2 scrolls of immolation {unknown}
 f - 8 scrolls of identify {unknown}
 n - 2 scrolls of poison {unknown}
 t - a scroll of brand weapon {unknown}
 w - a scroll of enchant weapon {unknown}
Potions
 b - a potion of magic
 c - 3 potions of haste {unknown}
 g - a potion of attraction {unknown}
 l - a potion of might {unknown}
 m - 2 potions of lignification {unknown}
 p - 2 potions of brilliance {unknown}
 q - 3 potions of heal wounds {unknown}
 r - a potion of enlightenment {unknown}
 v - a potion of ambrosia {unknown}
 x - a potion of curing {unknown}


   Skills:
 + Level 2.5 Fighting
 + Level 2.5 Short Blades
 + Level 2.5 Long Blades
 + Level 2.5 Axes
 + Level 2.5 Maces & Flails
 + Level 2.5 Polearms
 + Level 2.5 Staves
 + Level 2.5 Ranged Weapons
 + Level 2.5 Throwing
 + Level 2.5 Armour
 + Level 5.2 Dodging
 + Level 4.9 Stealth
 + Level 2.5 Shields
 + Level 2.5 Unarmed Combat
 + Level 5.6 Spellcasting
 + Level 7.4 Conjurations
 + Level 2.0 Hexes
 + Level 2.0 Summonings
 + Level 2.0 Necromancy
 + Level 2.0 Translocations
 + Level 2.0 Transmutations
 + Level 2.0 Fire Magic
 + Level 2.0 Ice Magic
 + Level 2.0 Air Magic
 + Level 2.0 Earth Magic
 + Level 2.0 Poison Magic
 + Level 2.8 Invocations
 + Level 2.5 Evocations
 + Level 2.2 Shapeshifting


You had 11 spell levels left.
You knew the following spells:

 Your Spells              Type           Power      Damage    Failure   Level
a - Magic Dart            Conj           100%       1d8       1%          1
b - Searing Ray           Conj           66%        2d6       1%          2
c - Mephitic Cloud        Conj/Pois/Air  20%        N/A       7%          3

Your spell library contained the following spells:

 Spells                   Type           Power      Damage    Failure   Level
 Summon Small Mammal      Summ           52%        N/A       4%          1
 Dazzling Flash           Conj/Hex       46%        N/A       4%          3
 Poisonous Vapours        Pois/Air       26%        N/A       8%          2
 Call Canine Familiar     Summ           13%        N/A       16%         3
 Summon Guardian Golem    Hex/Summ       13%        N/A       16%         3
 Volatile Blastmotes      Fire/Tloc      26%        2d12      16%         3
 Fulminant Prism          Conj/Hex       11%        3d9       16%         4
 Iskenderun's Mystic Bla  Conj/Tloc      23%        2d6       16%         4
 Animate Armour           Summ/Erth      26%        N/A       45%         4
 Summon Ice Beast         Ice/Summ       13%        N/A       45%         4
 Summon Lightning Spire   Summ/Air       13%        N/A       45%         4
 Freezing Cloud           Conj/Ice/Air   10%        6-21      54%         5
 Summon Cactus Giant      Summ           6%         N/A       100%        6


Dungeon Overview and Level Annotations

Branches:
Dungeon (5/15)
 Temple: D:4-7

Altars:
Dithmenos
Fedhas
Gozag
Ru
Sif Muna
Zin

Shops:
D:1 ?   D:4 ?

Annotations:
D:4 Pikel
D:5 Blork the orc


Innate Abilities, Weirdness & Mutations

You have very sharp teeth.
Your uncanny sense of smell can sniff out nearby items.
Your experience applies equally to all skills.


Message History

Magic restored.
Pikel hits you with a +0 whip of electrocution!
You feel yourself slow down.
You are electrocuted!
You climb upwards.
There is a stone staircase leading down here.
Casting: Magic Dart (safe; 1% risk of failure)
Confirm with . or Enter, or press ? or * to list all spells.
Aiming: Searing Ray (safe; 1% risk of failure)
Press: ? - help, Shift-Dir - straight line The searing ray hits Pikel but does no damage.
Pikel is lightly wounded. (Press . to maintain the ray.) Pikel closely misses you.
Pikel hits you with a +0 whip of electrocution!
The searing ray hits Pikel!
Pikel is moderately wounded.
Pikel completely misses you.
The searing ray hits Pikel!
Pikel is heavily wounded.
Pikel hits you with a +0 whip of electrocution!
* * * LOW HITPOINT WARNING * * *
Pikel hits you with a +0 whip of electrocution.
* * * LOW HITPOINT WARNING * * *
The searing ray hits Pikel!
Pikel is severely wounded.
You finish channelling your searing ray.
Pikel misses you. Pikel closely misses you. Pikel barely misses you.
You barely miss Pikel.
Pikel is severely wounded.
Pikel closely misses you. Pikel barely misses you.
You barely miss Pikel.
Pikel is severely wounded.
Pikel hits you with a +0 whip of electrocution.
* * * LOW HITPOINT WARNING * * *
Pikel hits you with a +0 whip of electrocution.
* * * LOW HITPOINT WARNING * * *
You are electrocuted!
You die...
Pikel says, "See you in Hell!"

#............###._..8.._.....
#............#...........####
#............#.##........#
#............#.#.........#
############.#.#.##...#..#
#.#.#.##.#.#..####
#.#.#.##...#......
#K#.#.####.#.####.
#@#.#.####........ #
####.#.#......#..#.#. #
#.............#....#. #
#.~~~~~.≈~~~..#...##.
#############.~≈~≈~.~≈≈≈..#...##.
............#.~≈≈~~.~≈≈~.##.#....
............#.~≈~~~.~≈≈~.....####
....................~~~~..#.##
..............~~~~........#.#


You could see Pikel.

Vanquished Creatures
  Sigmund (D:4)
  A phantom (D:5)
  A scorpion (D:5)
  A jelly (D:4)
  An orc priest (D:5)
  A sleepcap (D:5)
  An orc wizard (D:3)
  Robin (D:3)
  10 adders
  2 worms
  11 orcs
  2 bats
  4 endoplasms
  3 giant cockroaches
  14 goblins
  6 hobgoblins
  6 jackals
  4 kobolds
  2 quokkas
  6 ball pythons
  6 frilled lizards
  4 rats
88 creatures vanquished.

Notes
Turn   | Place    | Note
-------+----------+-------------------------------------------
     0 | D:1      | TemporaryHome the Gnoll Conjurer began the quest for the
                  | Orb.
     0 | D:1      | Reached XP level 1. HP: 13/13 MP: 6/6
    97 | D:1      | Found Juitokho's Magic Scroll Emporium.
   221 | D:1      | Reached XP level 2. HP: 19/19 MP: 5/7
   224 | D:1      | Learned a level 2 spell: Searing Ray
   669 | D:2      | Reached skill level 5 in Spellcasting
   669 | D:2      | Reached XP level 3. HP: 20/25 MP: 4/9
   713 | D:2      | Found a faded altar of an unknown god.
   791 | D:2      | Reached skill level 1 in Invocations
   932 | D:2      | Reached skill level 1 in Fighting
   932 | D:2      | Reached skill level 1 in Short Blades
   932 | D:2      | Reached skill level 1 in Long Blades
   932 | D:2      | Reached skill level 1 in Axes
   932 | D:2      | Reached skill level 1 in Maces & Flails
   932 | D:2      | Reached skill level 1 in Polearms
   932 | D:2      | Reached skill level 1 in Staves
   932 | D:2      | Reached skill level 1 in Ranged Weapons
   932 | D:2      | Reached skill level 1 in Throwing
   932 | D:2      | Reached skill level 1 in Armour
   932 | D:2      | Reached skill level 1 in Shields
   932 | D:2      | Reached skill level 1 in Unarmed Combat
   932 | D:2      | Reached skill level 1 in Evocations
   982 | D:2      | Reached XP level 4. HP: 32/32 MP: 8/11
  1030 | D:2      | Reached skill level 1 in Shapeshifting
  1067 | D:2      | Identified the +6 mace of the Beast {drain, *Slow rPois
                  | rN++ Dex+3}
  1556 | D:3      | Found a sacrificial altar of Ru.
  1611 | D:3      | Reached skill level 1 in Hexes
  1611 | D:3      | Reached skill level 1 in Summonings
  1611 | D:3      | Reached skill level 1 in Necromancy
  1611 | D:3      | Reached skill level 1 in Translocations
  1611 | D:3      | Reached skill level 1 in Transmutations
  1611 | D:3      | Reached skill level 1 in Fire Magic
  1611 | D:3      | Reached skill level 1 in Ice Magic
  1611 | D:3      | Reached skill level 1 in Air Magic
  1611 | D:3      | Reached skill level 1 in Earth Magic
  1611 | D:3      | Reached skill level 1 in Poison Magic
  1793 | D:3      | Reached XP level 5. HP: 37/37 MP: 7/12
  1801 | D:3      | Noticed Robin
  1921 | D:3      | Killed Robin
  1943 | D:3      | Found a glowing silver altar of Zin.
  2059 | D:3      | Found a blossoming altar of Fedhas.
  2097 | D:3      | Upgraded the game from 0.31-a0-938-g4ff0be5 to
                  | 0.31-a0-948-gf5be29c
  2519 | D:4      | Found Weve's Magic Scroll Boutique.
  2668 | D:4      | Noticed Sigmund
  2676 | D:4      | Killed Sigmund
  2677 | D:4      | Reached skill level 5 in Dodging
  2677 | D:4      | Reached XP level 6. HP: 36/44 MP: 5/14
  2921 | D:4      | Identified the amulet "Cybul" {RegenMP Rampage rC+ rN+}
  3008 | D:4      | Found a shimmering blue altar of Sif Muna.
  3008 | D:4      | Found an opulent altar of Gozag.
  3681 | D:5      | Identified the of Coidgheu
  3681 | D:5      | Entered Level 5 of the Dungeon
  3702 | D:5      | Reached XP level 7. HP: 46/50 MP: 10/15
  3806 | D:5      | Learned a level 3 spell: Mephitic Cloud
  3848 | D:5      | Found a shadowy altar of Dithmenos.
  3964 | D:4      | Became a worshipper of Sif Muna the Loreminder
  3985 | D:5      | Noticed Pikel
  3987 | D:5      | Noticed Blork the orc
  3995 | D:4      | Mangled by Pikel

Illustrated notes

Levels and vault maps discovered:
D:1:      dpeg_arrival_court, layout_rooms, serial_shops, shop
D:2:      layout_loops_cross, chequers_ecumenical_altar_twisty,
          minmay_tiny_reverse_x
D:3:      layout_rooms, mainiacjoe_overflow_tiny_flanked, lemuel_crystal_altar,
          mainiacjoe_overflow_alcove_1, uniq_robin
D:4:      layout_basic, grunt_temple_overflow_open, serial_shops, shop,
          chequers_serial_rivers_small_3, minivault_14, uniq_sigmund
D:5:      layout_cave_pools, nicolae_dithmenos_the_darkroom,
          nicolae_overflow_hidden_temple, sigmund_army, uniq_duvessa,
          uniq_blork_the_orc, uniq_menkaure, uniq_pikel

Skill      XL: |  1  2  3  4  5  6  7 |
---------------+----------------------+-----
Spellcasting   | 5 |  5.6
Invocations    | 1 2 |  2.8
Fighting       | 1 2 |  2.5
Short Blades   | 1 2 |  2.5
Long Blades    | 1 2 |  2.5
Axes           | 1 2 |  2.5
Maces & Flails | 1 2 |  2.5
Polearms       | 1 2 |  2.5
Staves         | 1 2 |  2.5
Ranged Weapons | 1 2 |  2.5
Throwing       | 1 2 |  2.5
Armour         | 1 2 |  2.5
Shields        | 1 2 |  2.5
Unarmed Combat | 1 2 |  2.5
Evocations     | 1 2 |  2.5
Shapeshifting  | 1 2 |  2.2
Hexes          | 1 2 |  2.0
Summonings     | 1 2 |  2.0
Necromancy     | 1 2 |  2.0
Translocations | 1 2 |  2.0
Transmutations | 1 2 |  2.0
Fire Magic     | 1 2 |  2.0
Ice Magic      | 1 2 |  2.0
Air Magic      | 1 2 |  2.0
Earth Magic    | 1 2 |  2.0
Poison Magic   | 1 2 |  2.0
Dodging        | 5 |  5.2
Stealth        | |  4.9
Conjurations   | |  7.4

Action                     |  1- 3 |  4- 6 |  7- 9 || total
---------------------------+-------+-------+-------++-------
  Melee: Dagger            |       |    18 |       ||    18
         Bite              |       |     2 |       ||     2
         Mace              |       |     2 |     2 ||     4
   Cast: Magic Dart        |    38 |   123 |    28 ||   189
         Searing Ray       |       |     1 |     1 ||     2
 Armour: Robe              |     2 |    14 |    11 ||    27
  Dodge: Dodged            |     1 |    15 |     8 ||    24

Table legend: (Time is in decaauts)
 A = Elapsed time spent in this place.
 B = Non-inter-level travel time spent in this place.
 C = Inter-level travel time spent in this place.
 D = Time resting spent in this place.
 E = Time spent auto-exploring this place.
 F = Levels seen in this place.
 G = Mean time per level.
                   A        B        C        D        E       F      G
               +--------+--------+--------+--------+--------+-----+--------+
         Total |   3994 |   3940 |     54 |    386 |   2914 |   5 |  798.8 |
       Dungeon |   3994 |   3940 |     54 |    386 |   2914 |   5 |  798.8 |
               +--------+--------+--------+--------+--------+-----+--------+

Top non-repeatable levels by time:
     D:4: 1250 daAuts
     D:2: 991 daAuts
     D:3: 863 daAuts
     D:1: 640 daAuts
     D:5: 249 daAuts
